 Dungeon Crawl Stone Soup version 0.19-a0-1899-g2d93087 (webtiles) character file.

184 Djon the Cutter (level 5, -1/34 HPs)
             Began as a Kobold Berserker on Oct 20, 2016.
             Was a Believer of Trog.
             Killed from afar by a white imp (12 damage)
             ... with a puff of frost
             ... summoned by Natasha
             ... on level 3 of the Dungeon.
             The game lasted 00:03:24 (2133 turns).

Djon the Cutter (Kobold Berserker)                  Turns: 2133, Time: 00:03:24

Health: -1/34      AC:  3    Str: 14    XL:     5   Next: 96%
Magic:  5/5        EV: 15    Int:  9    God:    Trog [**....]
Gold:   147        SH:  0    Dex: 15    Spells: 0 memorised, 4 levels left

rFire  + . .     SeeInvis .     a - +0 short sword
rCold  . . .     Gourm    .     q - +0 robe (curse)
rNeg   . . .     Faith    .     (shield restricted)
rPois  .         Spirit   .     (no helmet)
rElec  .         Reflect  .     n - +0 cloak
rCorr  .         Harm     .     (no gloves)
MR     .....                    (no boots)
Stlth  +.........               t - amulet of rage
                                (no ring)
                                g - ring of protection from fire

@: no status effects
A: carnivore 3
a: Berserk, Trog's Hand, Burn Spellbooks, Renounce Religion, Evoke Berserk Rage


You were on level 3 of the Dungeon.
You worshipped Trog.
Trog was pleased with you.
You were full.

You visited 1 branch of the dungeon, and saw 3 of its levels.

You collected 147 gold pieces.

Inventory:

Hand Weapons
 a - a +0 short sword (weapon)
Missiles
 r - 47 stones (quivered)
Armour
 m - a +0 ring mail
 n - a +0 cloak (worn)
 q - a cursed +0 robe (worn)
Jewellery
 g - a ring of protection from fire (left hand)
 t - an amulet of rage (around neck)
Wands
 s - a wand of slowing (34/48)
Scrolls
 d - 2 scrolls of teleportation {unknown}
 e - 2 scrolls of identify {unknown}
 f - 3 scrolls of remove curse {unknown}
 k - a scroll of amnesia {unknown}
 l - 2 scrolls of magic mapping {unknown}
 o - a scroll of noise {unknown}
Potions
 b - a potion of lignification {unknown}
 i - 4 potions of haste {unknown}
 p - a potion of cancellation {unknown}
Comestibles
 c - a meat ration
 h - a beef jerky
 j - 2 slices of pizza


   Skills:
 + Level 4.9 Fighting
 * Level 6.8 Short Blades
 - Level 1.5 Armour
 - Level 2.4 Dodging


You had 4 spell levels left.
You didn't know any spells.

Dungeon Overview and Level Annotations

Branches:
Dungeon (3/15)

Altars:

Annotations:
D:3 Natasha


Innate Abilities, Weirdness & Mutations

You are small and have problems with some larger weapons.
You are carnivorous and can eat meat at any time.


Message History

The white imp gestures at you. The puff of frost hits you!
Natasha closely misses you.
You hit Natasha.
Natasha is lightly wounded.
Natasha completely misses you.
You completely miss Natasha.
Natasha is lightly wounded.
Natasha misses you.
You hit Natasha but do no damage.
Natasha is lightly wounded.
The white imp gestures at you. The puff of frost hits you!
Natasha casts a spell at you. You resist with some effort.
You closely miss Natasha.
Natasha is lightly wounded.
The white imp gestures at you. The puff of frost hits you!
You die...

#.)# #.............#
#..###.....#.####..
#..#.......#.#
...........#.#####...
.....................#
..####..###.#.........#
#..
###................#
...
......5............#
##>$.h@...#.#....##
..................#
.....##..#..........
.### #.........##..
#..#.#.#.#.#
#.#.#.#.#.#. #..#
#.#.#. .## #.#.


You could see Natasha and a white imp.

Vanquished Creatures
  Sigmund (D:3)
  A leopard gecko (D:1)
  2 giant cockroaches (D:1)
  7 hobgoblins
  3 kobolds
  A quokka (D:2)
  A ball python (D:2)
  2 bats
  A frilled lizard (D:2)
  4 goblins
  3 rats (D:1)
26 creatures vanquished.

Notes
Turn   | Place    | Note
-------+----------+-------------------------------------------
     0 | D:1      | Djon the Kobold Berserker began the quest for the Orb.
     0 | D:1      | Reached XP level 1. HP: 14/14 MP: 1/1
   467 | D:1      | Reached XP level 2. HP: 10/19 MP: 2/2
  1109 | D:2      | Reached XP level 3. HP: 23/24 MP: 3/3
  1395 | D:2      | Reached ** piety under Trog
  1447 | D:2      | HP: 1/24 [worm (11)]
  2077 | D:3      | Noticed Sigmund
  2083 | D:3      | Killed Sigmund
  2083 | D:3      | Reached skill level 6 in Short Blades
  2083 | D:3      | Reached XP level 4. HP: 30/30 MP: 4/4
  2083 | D:3      | Reached XP level 5. HP: 34/34 MP: 5/5
  2125 | D:3      | Noticed Natasha
  2133 | D:3      | Killed from afar by a white imp

Vault maps used:
D:1:      minmay_arrival_five_plusses, hex_medium, minmay_curled_crystal
D:3:      minmay_goblin_kobold_castle, gup_sewer_entry_spiral, minivault_23,
          serial_park_tiny_pond, grunt_ministairs_14, uniq_natasha, uniq_sigmund

Skill      XL: |  1  2  3 |
---------------+----------+-----
Fighting       | 4 |  4.9
Short Blades   | 6 |  6.8
Armour         | |  1.5
Dodging        | |  2.4

Action                   |  1- 3 |  4- 6 || total
-------------------------+-------+-------++-------
Melee: Short sword       |    99 |     4 ||   103
Throw: Stone             |    10 |       ||    10
Invok: Burn Spellbooks   |     1 |     1 ||     2
       Berserk           |     1 |       ||     1
 Stab: Sleeping          |     3 |       ||     3
       Distracted        |     1 |       ||     1
  Eat: Chunk             |     9 |       ||     9
Armor: Animal skin       |     3 |       ||     3
       Ring mail         |     3 |       ||     3
       Robe              |     2 |       ||     2
Dodge: Dodged            |    56 |     3 ||    59
